AoeStats
← sitting_duck

Arena

506320213Analyzed
2v2 RM · 18d ago on Sep 13, 2026· 58m 57s· 4 players
Game mode
Random Map
Map size
Medium (4 player)
Population
200
Speed
Normal
Resources
Standard
Victory
Conquest
Starting age
Dark Age
Ending age
Imperial Age
RankedLock teamsTeams togetherTeam positionsShared explorationLock speedFull tech treeHidden civsTurbo modeCheats
Victory
Defeat
🇺🇸 Persians · United States
719
+10
🇺🇸 Britons · United States
599
+14
🇺🇸 Teutons · United States
580
-22
🇬🇧 Britons · United Kingdom
579
-12
SEVENOF22
9:48 Feudal Age
10:46 Double-Bit Axe
11:51 Horse Collar
20:41 Castle Age
19:17 Stone Mining
19:19 Gold Mining
21:54 Heavy Plow
22:08 Bow Saw
22:46 Gold Shaft Mining
21:33 Pikeman
23:57 Wheelbarrow
26:04 Hand Cart
26:07 Fortified Wall
26:36 Murder Holes
27:32 Caravan
33:15 Imperial Age
30:31 Loom
30:32 Town Watch
30:54 Squires
31:27 Husbandry
32:11 Arson
32:12 Gambesons
31:48 Man-at-Arms
32:45 Forging
32:36 Scale Mail Armor
32:36 Padded Archer Armor
33:26 Ballistics
33:43 Fletching
34:28 Iron Casting
34:00 Elite Longbowman
34:58 Town Patrol
38:07 Two-Man Saw
38:14 Chemistry
37:34 Leather Archer Armor
37:36 Chain Mail Armor
38:05 Warwolf
37:30 Halberdier
37:31 Long Swordsman
38:34 Heated Shot
39:03 Two-Handed Swordsman
40:22 Champion
48:05 Plate Mail Armor
48:06 Ring Archer Armor
47:32 Bodkin Arrow
48:37 Blast Furnace
47:16 Crossbowman
47:57 Arbalester
GiriThaBeast
5:01 Loom
10:14 Feudal Age
10:40 Double-Bit Axe
16:27 Horse Collar
18:45 Wheelbarrow
19:02 Man-at-Arms
21:44 Castle Age
21:02 Bloodlines
23:13 Hand Cart
23:27 Bow Saw
23:11 Pikeman
24:31 Stone Mining
24:42 Gold Mining
27:13 Heavy Plow
28:29 Scale Mail Armor
28:40 Forging
28:36 Scale Barding Armor
33:51 Chain Barding Armor
33:47 Chain Mail Armor
34:07 Iron Casting
34:28 Stone Shaft Mining
39:32 Imperial Age
38:27 Fortified Wall
38:37 Ballistics
39:42 Squires
39:28 Gambesons
41:28 Chemistry
40:14 Cavalier
44:13 Plate Mail Armor
44:43 Blast Furnace
44:19 Plate Barding Armor
43:36 Halberdier
44:35 Paladin
sitting_duck
0:46 Loom
11:27 Feudal Age
13:16 Wheelbarrow
13:28 Town Watch
19:50 Castle Age
18:06 Fletching
18:17 Padded Archer Armor
19:30 Double-Bit Axe
20:55 Hand Cart
21:34 Bow Saw
21:18 Gold Mining
22:48 Gold Shaft Mining
22:55 Crossbowman
24:20 Stone Mining
25:23 Bodkin Arrow
25:12 Horse Collar
26:30 Heavy Plow
31:41 Yeomen
32:14 Ballistics
33:40 Town Patrol
38:33 Imperial Age
36:34 Fortified Wall
37:54 Leather Archer Armor
38:32 Caravan
39:36 Elite Longbowman
40:29 Warwolf
41:46 Chemistry
40:58 Siege Engineers
41:13 Bracer
41:43 Ring Archer Armor
41:54 Conscription
47:51 Arbalester
MarcusMan6
4:31 Loom
10:25 Feudal Age
12:22 Double-Bit Axe
13:30 Wheelbarrow
16:25 Horse Collar
16:39 Gold Mining
16:42 Stone Mining
18:46 Bloodlines
22:28 Castle Age
23:16 Bow Saw
23:08 Heavy Plow
24:01 Hand Cart
26:53 Fervor
27:59 Town Watch
31:44 Forging
35:07 Imperial Age
35:54 Crop Rotation
36:26 Two-Man Saw
37:19 Caravan
37:53 Elite War Elephant
39:42 Husbandry
39:03 Cavalier
52:56 Scale Barding Armor
54:50 Chain Barding Armor
55:02 Savar
Connection lost

Rejoining the realm…

Still unreachable

The connection could not be restored.

Session expired

The server has moved on; the page needs a fresh start.